 Dungeon Crawl Stone Soup version 0.30-a0-394-g3e4acdb0ae (webtiles) character file.

Game seed: 13189732527710481844

1484577 PanSaczeczos the Intangible (level 27, 246/246 (249) HPs)
             Began as a Merfolk Berserker on Dec 5, 2022.
             Was the Champion of Trog.
             Escaped with the Orb
             ... and 3 runes on Dec 6, 2022!
             The game lasted 03:26:38 (95635 turns).

PanSaczeczos the Intangible (Merfolk Berserker)    Turns: 95635, Time: 03:26:38

HP:   246/246 (249) AC: 16    Str: 21    XL:     27
MP:   6/7           EV: 41    Int: 13    God:    Trog [******]
Gold: 1644          SH:  5    Dex: 27    Spells: 26/26 levels left

rFire   + + +      SeeInvis +    w - +8 triple sword (antimagic)
rCold   . . .      Faith    .    (shield currently unavailable)
rNeg    + . .      Spirit   .    f - +1 ring mail of Snakes and Ladders {rN+ Regen+ rCorr}
rPois   +          Reflect  +    U - +1 helmet of Death's Door {+Inv rElec rPois}
rElec   +          Harm     .    u - +0 cloak of Midnight {rF+++ rCorr Str-2 Int-2}
rCorr   +          Rampage  .    j - +2 pair of gloves {infuse}
Will    ++++.                    Q - +0 pair of boots of Watchfulness {Fly Int+2}
Stlth   ++........               X - amulet "Wush" {Reflect Will+ Str+4 SH+5}
HPRegen 1.41/turn                n - ring of Ruis {Will+ EV+4 Dex+4}
MPRegen 0.10/turn                Y - ring of Perfectionism {rPois Int+6 SInv}

@: flying, hasted, studying Axes, lightly drained, very quick
A: (nimble swimmer 2), mertail, weak 1, subdued magic 1
0: Orb of Zot
}: 3/15 runes: serpentine, barnacled, silver
a: Renounce Religion, Evoke Invisibility, Berserk, Trog's Hand, Brothers in Arms


You escaped.
You worshipped Trog.
Trog was exalted by your worship.
You visited 10 branches of the dungeon, and saw 50 of its levels.
You visited the Abyss 2 times.
You visited 1 bazaar.
You also visited: Bailey, Ice Cave and Volcano.

You collected 8241 gold pieces.
You spent 6597 gold pieces at shops.

Inventory:

Hand Weapons
 a - a +8 spectral great sword
 b - a +9 arbalest of freezing
 d - a +0 vampiric great sword
 l - a +6 vorpal great sword
 q - the +9 sword of Zonguldrok {reap}
   (You took it off a fire giant on level 2 of the Depths)

   Any living foe damaged by it may be reanimated upon death as a zombie
   friendly to the wielder, with an increasing chance as more damage is dealt.
 w - a +8 antimagic triple sword (weapon)
Missiles
 h - 92 poisoned darts
 i - 4 throwing nets {!f}
 z - 8 curare-tipped darts (quivered)
Armour
 f - the +1 ring mail of Snakes and Ladders (worn) {rN+ Regen+ rCorr}
   (You found it on level 7 of the Dungeon)

   rN:        It protects you from negative energy.
   Regen:     It increases your rate of health regeneration.
   rCorr:     It protects you from acid and corrosion.
 j - a +2 pair of gloves of infusion (worn)
 u - the +0 cloak of Midnight (worn) {rF+++ rCorr Str-2 Int-2}
   (You found it on level 4 of the Vaults)

   Str:       It affects your strength (-2).
   Int:       It affects your intelligence (-2).
   rF:        It renders you almost immune to fire.
   rCorr:     It protects you from acid and corrosion.
 P - the +1 ice dragon scales of Watchfulness {Rampage rF- rC++}
   (You took it off an orc warrior in a bailey)

   rF:        It makes you vulnerable to fire.
   rC:        It greatly protects you from cold.
   Rampage:   It bestows one free step when moving towards enemies.
 Q - the +0 pair of boots of Watchfulness (worn) {Fly Int+2}
   (You found it in a bailey)

   Int:       It affects your intelligence (+2).
   Fly:       It grants you flight.
 U - the +1 helmet of Death's Door (worn) {+Inv rElec rPois}
   (You found it on level 3 of the Realm of Zot)

   rElec:     It insulates you from electricity.
   rPois:     It protects you from poison.
   +Inv:      It lets you turn invisible.
Jewellery
 n - the ring of Ruis (left hand) {Will+ EV+4 Dex+4}
   (You bought it in a shop on level 11 of the Dungeon)

   [ring of evasion]

   EV:        It affects your evasion (+4).
   Dex:       It affects your dexterity (+4).
   Will:      It increases your willpower.
 X - the amulet "Wush" (around neck) {Reflect Will+ Str+4 SH+5}
   (You found it on level 4 of the Shoals)

   [amulet of reflection]

   It reflects blocked missile attacks.
   Str:       It affects your strength (+4).
   SH:        It affects your SH (+5).
   Will:      It increases your willpower.
 Y - the ring of Perfectionism (right hand) {rPois Int+6 SInv}
   (You acquired it on level 5 of the Lair of Beasts)

   [ring of intelligence]

   Int:       It affects your intelligence (+6).
   rPois:     It protects you from poison.
   SInv:      It lets you see invisible.
Wands
 C - a wand of paralysis (25)
 D - a wand of polymorph (23)
 E - a wand of iceblast (20)
 G - a wand of mindburst (8)
 O - a wand of digging (16)
 Z - a wand of quicksilver (28)
Scrolls
 e - 15 scrolls of enchant armour {!r}
 k - a scroll of magic mapping {!r}
 o - 22 scrolls of teleportation {!r}
 r - 7 scrolls of fear {!r}
 v - a scroll of silence {!r}
 A - 9 scrolls of poison {!r}
 H - a scroll of summoning {!r}
 J - 3 scrolls of blinking {!r}
 N - 5 scrolls of butterflies {!r}
Potions
 c - 16 potions of flight
 p - 8 potions of berserk rage
 s - 6 potions of might {@q3}
 t - 22 potions of curing
 x - 9 potions of lignification
 B - 4 potions of invisibility
 F - 9 potions of mutation
 K - 15 potions of heal wounds
 L - a potion of resistance
 M - 5 potions of cancellation
 R - 3 potions of magic
 S - 2 potions of haste
 W - 5 potions of ambrosia
Miscellaneous
 g - a tin of tremorstones (2/2)
 m - a lightning rod (4/4)
 y - a phantom mirror
 I - a box of beasts
 T - a phial of floods
 V - a condenser vane


   Skills:
 O Level 27 Fighting
 - Level 22.0 Long Blades
 - Level 2.4 Maces & Flails
 - Level 4.0 Polearms
 - Level 18.0 Ranged Weapons
 - Level 8.0 Armour
 O Level 27 Dodging
 + Level 13.8 Stealth
 - Level 0.5 Unarmed Combat
 + Level 22.8 Evocations


You had 26 spell levels left.
You didn't know any spells.
Your spell library was empty.

Dungeon Overview and Level Annotations

Branches:
Dungeon (15/15)            Temple (0/1) D:6            Lair (5/5) D:9
 Shoals (4/4) Lair:3        Snake (4/4) Lair:2        Slime (0/5) Lair:4
    Orc (2/2) D:9             Elf (3/3) Orc:2        Vaults (5/5) D:13
  Crypt (3/3) Vaults:2       Tomb (0/3) Crypt:3      Depths (4/4) D:15
    Zot (5/5) Depths:4     Bailey (visited)           IceCv (visited)
Volcano (visited)

Altars:
Dithmenos
Fedhas
Kikubaaqudgha
Ru
Xom
Yredelemnul
Lugonu

Shops:
D:6 (*(   D:7 [   D:11 =   Orc:2 ??[=   Elf:2 =   Shoals:4 *(!!   Vaults:1 [
Vaults:5 !   Depths:1 *

Portals:
Hell: Depths:1 Depths:2 Depths:3 Depths:4
Abyss: Shoals:3 Depths:3
Pandemonium: Depths:2 Depths:4
Ziggurat: Depths:1

Annotations:
D:6 2 runed translucent doors, ma3's ghost, novice OpTm
D:14 2 transporters, Jaakounette's ghost, journeyman SpBr
Lair:2 2 transporters
Elf:2 3 runed translucent doors, exclusions: 3 doors and downstairs
Vaults:2 exclusion: 2 doors
Zot:5 1 runed translucent door, 4 transporters, surr's ghost, veteran MiVM


Innate Abilities, Weirdness & Mutations

((You are very nimble when in or above water. (Stealth+, EV+, Speed+++)))
Your lower body shifts to a powerful aquatic tail in water.
You are weak. (Str -2)
Your spells are a little easier to cast, but a little less powerful.


Message History

The blizzard demon hits you.
The blizzard demon completely misses you.
You chop the blizzard demon into pieces!!!
You kill the blizzard demon!
Trog accepts your kill.
(D) Dungeon (T) Temple (L) Lair (A) Shoals (P) Snake Pit (M) Slime Pits (O) Orcish Mines (E) Elven Halls (V) Vaults (C) Crypt (W) Tomb (U) Depths (H) Hell (Z) Zot
Where to? (Enter - D:1 @ (x,y), ? - help)
What level of the Dungeon? (default 1, ? - help) HP restored.
An Executioner comes into view.
The Executioner completely misses you. x5; The Executioner closely misses you.
You chop the Executioner into pieces!!!
The Executioner's magic leaks into the air.
The Executioner is severely wounded.
You block the Executioner's attack. The Executioner completely misses you.
The Executioner closely misses you.
You slice the Executioner!!
You kill the Executioner!
Trog accepts your kill.
A large abomination comes into view.
There is a stone staircase leading up here.
Unknown command.
You fly upwards.
There is a stone staircase leading down here.
You feel yourself speed up.
A Hell Sentinel comes into view.
A Hell Sentinel is nearby!
A Hell Sentinel is nearby!
Unknown command.
Aiming: Dig
Press: ? - help, Shift-Dir - straight line A rock wall.
This square is covered in magical glow.
The rock shatters into small pieces.
Unknown command.
There is a staircase leading out of the dungeon here.
You have escaped!

#············###########·····
#···············# ###···
##··········###·####### #···
##···#····## #·······## #···
#####··### #######··###···
##·## #·········· #··#
##········#·
############······♣P···
#8···@·§8##·##··♣·♣P···
#≈·····§§#·###··PP·····
#≈·····§§·## ##·····###
#≈·····§§## ##··#·# #
#§··88··≈# ###··# #
#§······≈# ###··## #
#§§····§≈# #···## #
#≈·····§§# ##·### #
#8······8# ##··# #


There were no monsters in sight!

Vanquished Creatures
  5 dread liches
  2 orbs of fire (Zot:5)
  9 ancient liches
  Mennas (Crypt:3)
  The ghost of initializr the Hawkeye, a veteran GnSu of Kikubaaqudgha (Zot:2)
  Boris (Depths:4)
  Sojobo (Vaults:4)
  3 Killer Klowns
  Bai Suzhen (Elf:3)
  Vv (Depths:2)
  Saint Roka (Vaults:1)
  Vashnia (Snake:3)
  2 caustic shrikes (Depths:3)
  3 curse toes
  A profane servitor (Crypt:3)
  8 golden dragons
  Jory (Crypt:3)
  2 Tzitzimimeh
  3 bone dragons
  4 electric golems
  A Brimstone Fiend (Depths:3)
  Rupert (D:12)
  Zenata (Vaults:4)
  A walking crystal tome (Depths:3)
  Mlioglotl (Shoals:3)
  Jorgrun (D:11)
  25 Orb Guardians
  A shard shrike skeleton (Crypt:3)
  3 liches
  2 deep elf master archers (Elf:3)
  7 quicksilver dragons
  Asterion (Snake:3)
  13 tentacled monstrosities
  2 deep elf blademasters
  Polyphemus (Shoals:2)
  4 krakens
  7 titans
  5 death cobs
  6 sphinxes
  4 ancient champions
  Frances (Shoals:2)
  4 tentacled starspawn (Abyss:2)
  3 Executioners
  The ghost of Sinlucw the Warrior, an adept DsBe of Trog (Snake:1)
  Kirke (D:13)
  Agnes (D:14)
  14 tengu reavers
  3 azure jellies (IceCv)
  3 draconian monks
  10 storm dragons
  5 nagarajas
  8 fire giants
  4 revenants
  A rockslime (IceCv)
  Ilsuiw (Shoals:2)
  4 draconian knights
  The ghost of Vikhos the Hand of Fortune, a journeyman NaVM of Nemelex Xobeh (Shoals:3)
  12 shadow dragons
  5 draconian scorchers
  6 ghost moths
  Aizul (Snake:2)
  6 frost giants
  5 deep elf sorcerers
  17 vault wardens
  A balrug (Depths:1)
  3 draconian annihilators
  4 draconian shifters
  8 deep elf elementalists
  2 orc warlords
  22 ironbound preservers
  A caustic shrike skeleton (Abyss:1)
  3 draconian stormcallers
  A spriggan defender (Depths:2)
  4 quicksilver oozes (IceCv)
  10 ghouls
  A reaper (Depths:1)
  4 war gargoyles
  12 vampire knights
  5 ironbound thunderhulks
  16 stone giants
  13 very ugly things
  4 deep elf demonologists
  7 green draconians
  10 dire elephants
  10 black draconians
  7 deep elf annihilators
  A bunyip (shapeshifter) (Vaults:5)
  7 spark wasps
  10 purple draconians
  Azrael (D:13)
  10 yellow draconians
  A minotaur (shapeshifter) (Depths:3)
  Snorg (D:14)
  6 red draconians
  8 white draconians
  14 ettins
  3 crystal guardians
  2 eidola (Crypt:2)
  6 fire dragons
  2 blizzard demons
  3 merfolk javelineers (Shoals:3)
  30 jiangshi
  5 deep elf death magi
  4 deep elf high priests
  7 merfolk impalers
  20 yaktaur captains
  32 vault guards
  A quicksilver dragon skeleton (Crypt:2)
  6 great orbs of eyes
  2 salamander tyrants
  2 entropy weavers
  A hell beast (D:9)
  An ice dragon (shapeshifter) (D:13)
  4 peacekeepers
  4 rakshasas
  A fenstrider witch zombie (Crypt:2)
  4 hydras
  5 ice dragons
  8 ogre magi
  2 spriggan air magi
  4 catoblepae
  4 alligator snapping turtles
  9 anacondas
  24 centaur warriors
  4 merfolk aquamancers
  5 death knights
  18 dancing weapons
  An alligator (shapeshifter) (Vaults:5)
  6 merfolk avatars
  9 ironbound frosthearts
  4 two-headed ogres
  7 deep troll shamans
  5 boulder beetles
  A fenstrider witch skeleton (Crypt:1)
  8 deep troll earth magi
  2 spriggan berserkers
  A satyr (Shoals:4)
  18 naga sharpshooters
  5 vampire magi
  17 naga warriors
  10 death yaks
  3 soul eaters
  11 tengu warriors
  6 orc high priests
  9 hell knights
  4 shock serpents
  A shock serpent (shapeshifter) (Depths:3)
  A wretched star (Abyss:2)
  13 deep elf knights
  12 iron trolls
  3 salamander mystics (Snake:4)
  A sixfirhy (Abyss:2)
  31 skeletal warriors
  73 deep trolls
  A fire crab (Vaults:2)
  5 shadow wraiths
  7 flayed ghosts
  20 sea snakes
  A sea snake (shapeshifter) (Vaults:5)
  3 glowing orange brains
  An orb spider (shapeshifter) (Depths:3)
  14 deep elf archers
  8 wizards
  An iron giant zombie (Crypt:1)
  7 naga ritualists
  15 phantasmal warriors
  2 bog bodies (Crypt:1)
  12 lindwurms
  3 orange crystal statues (IceCv)
  5 orc knights
  30 harpies
  2 necromancers
  A tengu zombie (Vaults:4)
  12 ironbound convokers
  An obsidian statue (Zot:5)
  37 deep elf pyromancers
  A goliath frog zombie (Crypt:2)
  35 deep elf zephyrmancers
  A spectral ettin (Crypt:3)
  A stone giant zombie (Crypt:2)
  3 wolf spiders
  11 mana vipers
  43 ugly things
  10 cyclopes
  15 elephants
  8 fauns
  8 salamanders
  5 orc sorcerers
  11 manticores
  24 moths of wrath
  A worldbinder (Abyss:2)
  14 vault sentinels
  12 merfolk sirens
  A moth of wrath (shapeshifter) (Vaults:5)
  4 smoke demons
  36 black mambas
  An eye of devastation (Abyss:2)
  3 guardian serpents (Snake:2)
  2 gargoyles (D:12)
  2 rust devils (Depths:2)
  An eye of devastation (shapeshifter) (Elf:2)
  5 water nymphs
  5 cane toads
  2 molten gargoyles (Vaults:2)
  12 naga magi
  Maggie (D:6)
  A demonic crawler (Abyss:1)
  An orange demon (Depths:4)
  A black draconian zombie (Crypt:2)
  A hellion (Depths:2)
  2 rime drakes
  A rime drake (shapeshifter) (D:15)
  8 freezing wraiths
  3 kobold demonologists
  2 unseen horrors
  44 yaktaurs
  A tormentor (Depths:3)
  4 tengu conjurers
  11 komodo dragons
  An efreet (D:13)
  A hellwing (Abyss:2)
  21 merfolk
  A guardian mummy (Crypt:1)
  6 trolls
  A meliai (D:13)
  A polar bear (shapeshifter) (Vaults:5)
  A wolf spider simulacrum (D:13)
  A hornet (Lair:3)
  2 polar bears (Lair:5)
  5 wind drakes
  A hornet (shapeshifter) (D:15)
  2 raiju (Abyss:2)
  7 blink frogs
  6 snapping turtles
  38 slime creatures
  A jumping spider (shapeshifter) (Lair:4)
  Sigmund (D:5)
  3 air elementals
  52 flying skulls
  A ynoxinul (Abyss:1)
  6 starcursed masses (Abyss:2)
  5 shadows
  7 wraiths
  3 wyverns
  A hog (shapeshifter) (D:13)
  18 water elementals
  39 yaks
  6 hogs
  A fire bat (shapeshifter) (Vaults:5)
  3 fire bats (Lair:2)
  12 fire elementals
  Grum (D:8)
  4 basilisks
  4 small abominations
  3 neqoxecs
  5 vampire mosquitoes (D:14)
  2 chaos spawn
  A steam dragon (D:7)
  48 nagas
  4 wargs
  An ogre zombie (Vaults:4)
  12 water moccasins
  7 hell hounds
  7 large abominations
  A floating eye (Depths:3)
  26 orc warriors
  2 sky beasts (D:6)
  A black bear (shapeshifter) (Lair:1)
  A swamp dragon zombie (Crypt:2)
  A lindwurm zombie (Crypt:1)
  3 black bears
  3 ice beasts
  A great orb of eyes simulacrum (IceCv)
  22 wolves
  14 ogres
  4 boggarts (D:14)
  5 slime creature simulacra (IceCv)
  A hog zombie (Crypt:1)
  7 centaurs
  6 kobold brigands
  A yaktaur zombie (Crypt:2)
  Blork the orc (D:6)
  10 bullfrogs
  A wyvern zombie (Crypt:1)
  4 earth elementals
  12 necrophages
  An ogre simulacrum (Vaults:4)
  6 glowing shapeshifter simulacra (IceCv)
  6 scorpions
  12 killer bees
  A troll zombie (Crypt:1)
  6 howler monkeys
  4 electric eels
  A lava snake (Vaults:2)
  A quasit (Abyss:2)
  2 jellies (D:5)
  4 hounds
  Crazy Yiuf (D:5)
  4 human zombies (Crypt:1)
  30 orc priests
  A human skeleton (Crypt:1)
  An iron imp (Abyss:1)
  A black bear skeleton (Crypt:1)
  6 iguanas
  26 orc wizards
  10 hell rats (Lair:1)
  4 mummies (Crypt:1)
  A howler monkey zombie (Crypt:2)
  4 gnolls (D:2)
  A steam dragon zombie (Crypt:2)
  7 adders
  6 river rats (Lair:1)
  A steam dragon skeleton (Crypt:2)
  A shadow imp (D:5)
  4 white imps
  3 ufetubi
  A worm zombie (Crypt:2)
  5 worms
  A dart slug (D:4)
  100 orcs
  3 bats
  8 endoplasms
  A giant cockroach (D:1)
  13 goblins
  3 hobgoblins
  6 jackals
  7 quokkas (Lair:1)
  10 ball pythons
  A frilled lizard (D:2)
  40 kobolds
  An orc skeleton (Crypt:1)
  A quokka zombie (Crypt:2)
  16 rats
  3 lurking horrors
  A plant (Shoals:2)
  4 starspawn tentacles (Abyss:2)
  4 tentacles
2358 creatures vanquished.

Vanquished Creatures (collateral kills)
  Mara (Snake:3)
  A tentacled monstrosity (Vaults:5)
  A tengu reaver (Vaults:5)
  A frost giant (Depths:3)
  A yaktaur captain (Vaults:5)
  A rakshasa (Depths:3)
  An anaconda (Snake:3)
  A salamander mystic (Snake:3)
  A deep elf pyromancer (Volcano)
  A salamander (Snake:3)
  A naga mage (Vaults:2)
  A water elemental (Depths:4)
  A hell hound (Volcano)
  An ice beast (Vaults:2)
  A vampire bat (Vaults:2)
15 creatures vanquished.

Vanquished Creatures (others)
  A vault warden (Vaults:5)
  A spark wasp zombie (Depths:3)
  A shadow wraith (Crypt:3)
  A fire giant zombie (Depths:4)
  A shock serpent zombie (Depths:3)
  A yaktaur zombie (Vaults:5)
  A spriggan zombie (Depths:4)
  An alligator zombie (Vaults:5)
  A deep troll zombie (Depths:4)
  2 nagas
  A tengu zombie (Depths:3)
  A sky beast (D:8)
  A water moccasin zombie (Lair:3)
  An orc (Vaults:1)
  19 fungi
  144 plants
  7 starspawn tentacles (Abyss:2)
  26 tentacles
211 creatures vanquished.

Grand Total: 2584 creatures vanquished

Notes
Turn   | Place    | Note
-------+----------+-------------------------------------------
     0 | D:1      | PanSaczeczos the Merfolk Berserker began the quest for the
                  | Orb.
     0 | D:1      | Reached XP level 1. HP: 18/18 MP: 1/1
   156 | D:1      | Reached XP level 2. HP: 25/25 MP: 2/2
   801 | D:2      | Reached XP level 3. HP: 31/31 MP: 3/3
  1111 | D:2      | HP: 6/31 [gnoll/+1 halberd of protection (11)]
  1214 | D:2      | Reached skill level 5 in Fighting
  1218 | D:2      | Reached XP level 4. HP: 39/39 MP: 4/4
  1390 | D:2      | Reached ** piety under Trog
  1729 | D:2      | Found a faded altar of an unknown god.
  2107 | D:3      | Reached skill level 1 in Polearms
  2107 | D:3      | Reached XP level 5. HP: 44/44 MP: 5/5
  2523 | D:4      | Reached XP level 6. HP: 51/51 MP: 6/6
  2638 | D:4      | Reached XP level 7. HP: 56/56 MP: 7/7
  3019 | D:4      | Found a shadowy altar of Dithmenos.
  3043 | D:4      | Reached skill level 5 in Armour
  3354 | D:5      | Entered Level 5 of the Dungeon
  3394 | D:4      | Reached XP level 8. HP: 64/64 MP: 8/8
  3658 | D:5      | Reached *** piety under Trog
  3873 | D:5      | Found a runed translucent door.
  3874 | D:5      | Noticed Crazy Yiuf
  3933 | D:5      | Noticed Sigmund
  3940 | D:5      | Killed Sigmund
  3941 | D:5      | Reached skill level 5 in Dodging
  4363 | D:5      | Killed Crazy Yiuf
  4487 | D:6      | Reached XP level 9. HP: 76/76 MP: 9/9
  4556 | D:6      | Noticed Blork the orc
  4562 | D:6      | Killed Blork the orc
  4747 | D:6      | Found a staircase to the Ecumenical Temple.
  4786 | D:6      | Reached skill level 10 in Fighting
  4823 | D:6      | Found Ywuyfir's Antique Weapon Shoppe.
  4826 | D:6      | Bought a scimitar for 112 gold pieces
  4975 | D:6      | Found a runed translucent door.
  4976 | D:6      | Noticed ma3's ghost (novice OpTm)
  5014 | D:6      | Found Topa's General Store.
  5017 | D:6      | Bought 5 curare-tipped darts for 36 gold pieces
  5039 | D:6      | Found a sacrificial altar of Ru.
  5055 | D:6      | Reached skill level 1 in Long Blades
  5244 | D:6      | Found a runed translucent door.
  5346 | D:6      | Found Koopu's Weapon Shoppe.
  5358 | D:6      | Bought 5 curare-tipped darts for 36 gold pieces
  5422 | D:6      | Noticed Maggie
  5436 | D:6      | Killed Maggie
  5674 | D:6      | Found a blossoming altar of Fedhas.
  5994 | D:7      | Found Suum's Armour Shop.
  6313 | D:7      | Identified the +1 ring mail of Snakes and Ladders {rN+
                  | Regen+ rCorr}
  6349 | D:7      | Reached **** piety under Trog
  6421 | D:7      | Reached XP level 10. HP: 84/87 MP: 10/10
  6501 | D:6      | Bought a glowing sling for 126 gold pieces
  6583 | Abyss:1  | Cast into level 1 of the Abyss (orc wizard)
  6705 | Abyss:1  | Noticed a demonic crawler
  6714 | Abyss:1  | Noticed a deep elf demonologist
  6716 | Abyss:1  | Killed a demonic crawler
  6717 | Abyss:1  | Reached skill level 5 in Long Blades
  6718 | Abyss:1  | Noticed a cacodemon
  6721 | Abyss:1  | Killed a deep elf demonologist
  6733 | Abyss:1  | Gained mutation: You are partially covered in iridescent
                  | scales. (AC +2) [a neqoxec]
  6737 | Abyss:1  | Noticed a starcursed mass
  6744 | Abyss:1  | Noticed a thrashing horror
  6751 | Abyss:1  | Noticed a smoke demon
  6765 | Abyss:1  | Killed a smoke demon
  6787 | Abyss:1  | Noticed a large abomination
  6848 | Abyss:1  | HP: 30/130 [caustic shrike skeleton (7)]
  6849 | Abyss:1  | HP: 9/130 [caustic shrike skeleton (20)]
  6850 | Abyss:1  | HP: 3/130 [caustic shrike skeleton (7)]
  6855 | D:7      | Escaped the Abyss
  6858 | D:7      | HP: 13/89 [orc wizard/magic dart (8)]
  7490 | D:8      | Noticed a kobold demonologist
  7498 | D:7      | Reached skill level 1 in Ranged Weapons
  7508 | D:7      | Killed a kobold demonologist
  7552 | D:8      | Noticed a kobold demonologist
  7572 | D:7      | Reached XP level 11. HP: 95/95 MP: 11/11
  7677 | D:8      | Noticed Grum
  7844 | D:9      | Found a flagged portal.
  7853 | Bailey   | Entered a bailey
  7944 | Bailey   | Noticed an orc knight
  8095 | Bailey   | Killed an orc knight
  8106 | Bailey   | Reached ***** piety under Trog
  8155 | Bailey   | Identified the +1 ice dragon scales of Watchfulness
                  | {Rampage rF- rC++}
  8174 | Bailey   | Identified the +0 pair of boots of Watchfulness {Fly Int+2}
  8378 | D:8      | Killed Grum
  8433 | D:8      | Reached skill level 10 in Dodging
  8880 | D:9      | Found a staircase to the Orcish Mines.
  8966 | D:9      | Found a staircase to the Lair.
  9177 | D:9      | Identified the ring "Wous" {rF- rN+ rCorr Int+4 Dex+4}
  9613 | Lair:1   | Entered Level 1 of the Lair of Beasts
  9806 | Lair:1   | Reached skill level 10 in Long Blades
  9927 | D:9      | Reached skill level 5 in Ranged Weapons
 10035 | Lair:1   | Reached XP level 12. HP: 82/102 MP: 12/12
 10382 | Lair:1   | Received a gift from Trog
 10806 | Lair:2   | Found a dark tunnel.
 10821 | Volcano  | Entered a volcano
 11815 | Lair:2   | Found a staircase to the Snake Pit.
 11933 | Lair:2   | Noticed an eight-headed hydra
 11942 | Lair:2   | Killed an eight-headed hydra
 12382 | Lair:2   | Reached XP level 13. HP: 110/112 MP: 9/13
 12555 | Lair:2   | Found a transporter.
 12557 | Lair:2   | Found a transporter.
 12853 | Lair:2   | Received a gift from Trog
 13750 | Lair:3   | Identified the +12 great mace of the Unseen Realm {drain,
                  | rN+ Will- rCorr SInv}
 13831 | Lair:3   | Found a staircase to the Shoals.
 15791 | Lair:4   | Reached skill level 15 in Fighting
 15798 | Lair:4   | Identified the +1 scale mail of Heresy {rF+}
 16004 | Lair:4   | Found a staircase to the Slime Pits.
 16150 | Lair:5   | Entered Level 5 of the Lair of Beasts
 16599 | Lair:5   | Reached XP level 14. HP: 123/123 MP: 10/14
 17498 | Lair:5   | Noticed a dire elephant
 17516 | Lair:5   | Killed a dire elephant
 17547 | Lair:5   | Identified a scroll of acquirement {!r}
 17809 | Lair:5   | Received a gift from Trog
 18120 | Orc:1    | Entered Level 1 of the Orcish Mines
 18597 | Orc:2    | Entered Level 2 of the Orcish Mines
 19041 | Orc:2    | Found a staircase to the Elven Halls.
 19153 | Orc:2    | Found Detaqiog's Armour Emporium.
 19208 | Orc:2    | Reached skill level 10 in Ranged Weapons
 19308 | Orc:2    | Found Ereodout's Magic Scroll Shop.
 19314 | Orc:2    | Found Mieqitutz's Magic Scroll Shop.
 19316 | Orc:2    | Found Ajuvvic's Jewellery Emporium.
 20247 | Orc:2    | Received a gift from Trog
 20940 | Orc:2    | Bought the +1 cloak of Tomorrow {rC+ Str+2} for 360 gold
                  | pieces
 21063 | D:10     | Entered Level 10 of the Dungeon
 21560 | D:10     | Found a large runed translucent door.
 21560 | D:10     | Found a large runed translucent door.
 22038 | D:10     | Paralysed by an air elemental for 1 turns
 22116 | D:11     | Found Pyrinyst's Jewellery Boutique.
 22143 | D:11     | Bought the ring of Ruis {Will+ EV+4 Dex+4} for 912 gold
                  | pieces
 22616 | D:11     | Reached XP level 15. HP: 131/131 MP: 13/15
 23531 | D:12     | Noticed Jorgrun
 23572 | D:11     | Killed Jorgrun
 24070 | D:12     | Noticed Rupert
 24086 | D:12     | Killed Rupert
 24778 | D:12     | Reached skill level 1 in Evocations
 24967 | D:13     | Noticed Azrael
 24992 | D:13     | Killed Azrael
 25422 | D:13     | Found a gate to the Vaults.
 25486 | D:13     | Reached skill level 15 in Dodging
 25759 | D:13     | Noticed a frost giant
 25823 | D:13     | Killed a frost giant
 25823 | D:13     | Received a gift from Trog
 25824 | D:13     | Reached skill level 15 in Long Blades
 25867 | D:13     | Identified the +11 dagger "Goliroe" {venom, Contam rN+
                  | Str-2 Dex+7}
 26046 | D:13     | Identified the +5 dagger of the Lesser Evil {elec, rElec
                  | Will- Dex+3 Stlth+}
 26402 | D:13     | Found a runed translucent door.
 26405 | D:13     | Noticed a fire giant
 26749 | D:13     | Noticed Kirke
 26760 | D:13     | Killed Kirke
 26967 | D:13     | Killed a fire giant
 26975 | D:13     | Noticed a fire giant
 26986 | D:13     | Killed a fire giant
 27560 | D:14     | Reached XP level 16. HP: 141/141 MP: 11/16
 27604 | D:14     | Noticed Agnes
 27616 | D:14     | Killed Agnes
 27627 | D:14     | Identified the +9 mace "Itapor Vyfu" {flame, rC- Dex+4
                  | SInv}
 27921 | D:14     | Noticed a tengu reaver
 27926 | D:14     | Noticed Jaakounette's ghost (journeyman SpBr)
 27929 | D:14     | Found a transporter.
 27976 | D:14     | Found a transporter.
 27990 | D:14     | Noticed Snorg
 28000 | D:14     | Killed Snorg
 28000 | D:14     | Received a gift from Trog
 28061 | D:14     | HP: 34/211 [enormous slime creature (76)]
 28544 | D:15     | Entered Level 15 of the Dungeon
 28549 | D:15     | Found a frozen archway.
 28558 | IceCv    | Entered an ice cave
 28864 | IceCv    | Reached skill level 5 in Evocations
 29710 | IceCv    | Noticed an azure jelly
 29720 | IceCv    | Killed an azure jelly
 29776 | IceCv    | Found a viscous altar of Jiyva.
 29776 | IceCv    | Noticed an azure jelly
 29779 | IceCv    | Noticed an azure jelly
 29779 | IceCv    | Noticed a rockslime
 29789 | IceCv    | Killed an azure jelly
 29796 | IceCv    | Killed a rockslime
 29801 | IceCv    | Killed an azure jelly
 29891 | IceCv    | Identified the ring "Lougyti" {+Blink Fly rN+ Int-4 Stlth+}
 30004 | D:15     | Found a staircase to the Depths.
 30332 | D:15     | Noticed Nessos
 30333 | D:15     | Nessos changed into Nessos the sea snake
 30333 | D:15     | Noticed Nessos
 30339 | D:15     | Killed Nessos the sea snake
 30497 | D:15     | Received a gift from Trog
 31217 | D:14     | Acquired the ring of Perfectionism {rPois Int+6 SInv}
 31343 | Snake:1  | Entered Level 1 of the Snake Pit
 31421 | Snake:1  | Identified the +2 robe of Wonderful Happiness {rCorr Dex-4
                  | Slay+3}
 31853 | Snake:1  | Reached XP level 17. HP: 148/149 MP: 17/17
 32031 | Snake:1  | Found a large runed translucent door.
 32032 | Snake:1  | Found a large runed translucent door.
 32035 | Snake:1  | Noticed Sinlucw's ghost (adept DsBe)
 33073 | Snake:1  | Killed Sinlucw's ghost
 33192 | Snake:2  | Found a shimmering altar of Xom.
 33762 | Snake:2  | Noticed Aizul
 33781 | Snake:2  | Killed Aizul
 34261 | Snake:3  | Reached ****** piety under Trog
 34282 | Snake:3  | Noticed Vashnia
 34345 | Snake:3  | Received a gift from Trog
 34739 | Snake:3  | Noticed Mara
 34755 | Snake:3  | Noticed PanSaczeczos's illusion
 35103 | Snake:3  | Killed Mara
 36777 | Snake:3  | Killed Vashnia
 37059 | Snake:3  | Reached XP level 18. HP: 139/160 MP: 14/18
 37349 | Snake:4  | Entered Level 4 of the Snake Pit
 37695 | Snake:4  | Received a gift from Trog
 37954 | Snake:4  | Noticed Asterion
 38137 | Snake:3  | HP: 52/240 [Asterion's headbutt (14)]
 38138 | Snake:3  | Killed Asterion
 38142 | Snake:3  | HP: 16/160 [poisoned by Asterion]
 38147 | Snake:3  | HP: 18/160 [poisoned by Asterion]
 39114 | Snake:4  | Identified the +9 chain mail of Siloic {Harm rElec Str-3
                  | Dex+6}
 40230 | Snake:4  | Got a serpentine rune of Zot
 40761 | Shoals:1 | Entered Level 1 of the Shoals
 40807 | Shoals:1 | Received a gift from Trog
 41045 | D:11     | Bought an amulet of reflection for 480 gold pieces
 41535 | Abyss:2  | Cast into level 2 of the Abyss (merfolk impaler)
 41718 | Abyss:2  | Noticed a hellephant
 41968 | Abyss:2  | Gained mutation: Armour fits poorly on your strangely
                  | shaped body. [a neqoxec]
 41981 | Abyss:2  | Noticed a bone dragon
 42014 | Abyss:2  | Killed a bone dragon
 42017 | Shoals:1 | Escaped the Abyss
 42439 | Shoals:1 | Reached XP level 19. HP: 162/169 MP: 19/19
 42872 | Shoals:2 | Noticed Frances
 42900 | Shoals:2 | Killed Frances
 42900 | Shoals:2 | Received a gift from Trog
 43364 | Shoals:2 | Noticed Polyphemus
 43370 | Shoals:2 | Killed Polyphemus
 43512 | Shoals:2 | Noticed Ilsuiw
 43521 | Shoals:2 | Killed Ilsuiw
 43822 | Shoals:3 | Found a one-way gate to the infinite horrors of the Abyss.
 43822 | Shoals:3 | Found a corrupted altar of Lugonu.
 44249 | Shoals:3 | Identified the +8 mace "Grim Tooth" {flame, Drain Will+++
                  | Str-3 Dex+4}
 44755 | Shoals:3 | Noticed Mlioglotl
 44770 | Shoals:3 | Killed Mlioglotl
 44770 | Shoals:3 | Received a gift from Trog
 44960 | Shoals:3 | Found a transporter.
 44967 | Shoals:3 | Noticed Vikhos's ghost (journeyman NaVM)
 45113 | Shoals:3 | Found a transporter.
 45177 | Shoals:3 | Killed Vikhos's ghost
 45495 | Shoals:4 | Entered Level 4 of the Shoals
 45495 | Shoals:4 | Found Ryelus's Distillery.
 45501 | Shoals:4 | Found Koumut's Distillery.
 45530 | Shoals:4 | Bought a potion of experience for 950 gold pieces
 45530 | Shoals:4 | Reached skill level 15 in Ranged Weapons
 45530 | Shoals:4 | Reached XP level 20. HP: 176/176 MP: 20/20
 45718 | Shoals:4 | Found Giasujo's Assorted Antiques.
 45787 | Shoals:4 | Found Defuoriy's Antique Weapon Boutique.
 46129 | Shoals:4 | Identified the amulet "Wush" {Reflect Will+ Str+4 SH+5}
 46336 | Shoals:4 | Got a barnacled rune of Zot
 46446 | Shoals:4 | Received a gift from Trog
 46992 | Elf:1    | Entered Level 1 of the Elven Halls
 47299 | Elf:1    | HP: 41/176 [deep elf archer/arrow (9)]
 47567 | Elf:1    | Reached XP level 21. HP: 183/183 MP: 21/21
 47568 | Elf:1    | Reached skill level 10 in Evocations
 48531 | Elf:2    | Found Ojuzat's Distillery.
 48716 | Elf:2    | Found Enuarph's Jewellery Shoppe.
 48881 | Elf:2    | Received a gift from Trog
 49107 | Elf:2    | Found a runed translucent gate.
 49108 | Elf:2    | Found a runed translucent gate.
 49108 | Elf:2    | Found a runed translucent gate.
 49465 | Elf:3    | Entered Level 3 of the Elven Halls
 50174 | Elf:3    | Received a gift from Trog
 51494 | Elf:3    | Identified the +0 scale mail "Cythiwk" {Fly}
 51627 | Elf:3    | HP: 39/183 [deep elf blademaster/+0 short sword of flaming
                  | (7)]
 51922 | Elf:3    | Noticed Bai Suzhen
 51947 | Elf:3    | Killed Bai Suzhen
 52157 | Elf:3    | Identified the +0 shortbow of Eci Exib {flame, rElec Will+
                  | rCorr Int-4}
 52710 | Vaults:1 | Entered Level 1 of the Vaults
 52992 | Vaults:1 | Reached XP level 22. HP: 190/190 MP: 20/22
 53450 | Vaults:1 | Noticed Saint Roka
 53451 | Vaults:1 | Received a gift from Trog
 53476 | Vaults:1 | Found Inneaxty's Armour Shoppe.
 53585 | Vaults:1 | Killed Saint Roka
 54299 | Vaults:1 | Identified the +2 ring mail "Fueh" {Int+4}
 55488 | Vaults:2 | Received a gift from Trog
 56699 | Vaults:2 | Found a staircase to the Crypt.
 57567 | Vaults:3 | Reached skill level 15 in Evocations
 57746 | Vaults:3 | Reached XP level 23. HP: 196/196 MP: 19/23
 57753 | Vaults:3 | Received a gift from Trog
 58890 | Vaults:3 | Found a gateway to a bazaar.
 59813 | Vaults:4 | Noticed Zenata
 59841 | Vaults:4 | Killed Zenata
 60121 | Vaults:4 | Noticed Sojobo
 60130 | Vaults:4 | Paralysed by an air elemental for 1 turns
 60134 | Vaults:4 | Paralysed by an air elemental for 1 turns
 60136 | Vaults:4 | Paralysed by an air elemental for 1 turns
 61264 | Vaults:4 | Killed Sojobo
 61815 | Vaults:4 | Identified the +0 cloak of Midnight {rF+++ rCorr Str-2
                  | Int-2}
 62105 | Vaults:4 | Identified the +12 great sword of Midsummer {vorpal, rPois
                  | rCorr Stlth-} (Trog gifted it to you on level 4 of the
                  | Vaults)
 62105 | Vaults:4 | Received a gift from Trog
 62654 | Bazaar   | Entered a bazaar
 62658 | Bazaar   | Found Takk's Jewellery Boutique.
 62680 | Bazaar   | Found Baemy's Book Emporium.
 62701 | Bazaar   | Found Dihi's Antique Weapon Boutique.
 62721 | Bazaar   | Found Gisoorgh's Antique Armour Shoppe.
 62748 | Bazaar   | Bought a spiked leather armour for 105 gold pieces
 62748 | Bazaar   | Identified the +1 leather armour "Ziudoene" {rC+} (You
                  | bought it in a shop in a bazaar)
 62764 | Bazaar   | Bought the ring of Free Will {Str-4 Int+6 Dex+10} for 1056
                  | gold pieces
 63598 | Crypt:1  | Entered Level 1 of the Crypt
 64076 | Crypt:1  | HP: 40/200 [jiangshi[a vampire mage] (17)]
 64076 | Crypt:1  | HP: 15/200 [phantasmal warrior[a vampire mage] (25)]
 64473 | Crypt:1  | Reached XP level 24. HP: 189/208 MP: 13/23
 64696 | Crypt:1  | Received a gift from Trog
 65937 | Crypt:1  | Found a basalt altar of Yredelemnul.
 66589 | Crypt:2  | Received a gift from Trog
 66623 | Crypt:2  | Found a basalt altar of Yredelemnul.
 66833 | Crypt:3  | Entered Level 3 of the Crypt
 67346 | Crypt:3  | Found a basalt altar of Yredelemnul.
 67347 | Crypt:3  | Noticed Mennas
 67456 | Crypt:3  | HP: 36/208 [Mennas/+3 eudemon blade of holy wrath (22)]
 67462 | Crypt:3  | HP: 42/208 [Mennas/+3 eudemon blade of holy wrath (19)]
 67704 | Crypt:3  | Killed Mennas
 68081 | Crypt:3  | Received a gift from Trog
 68954 | Crypt:3  | Found the +8 Vampire's Tooth {vamp}
 69188 | Crypt:3  | Noticed Jory
 69212 | Crypt:3  | Killed Jory
 69374 | Crypt:3  | HP: 67/313 [jiangshi (19)]
 69379 | Crypt:3  | HP: 67/313 [poisoned by a profane servitor]
 69602 | Crypt:3  | Found a staircase to the Tomb.
 70154 | Depths:1 | Entered Level 1 of the Depths
 70169 | Depths:1 | Found a one-way gateway to a ziggurat.
 70412 | D:15     | Received a gift from Trog
 70798 | Depths:1 | Reached XP level 25. HP: 216/216 MP: 20/23
 71152 | Depths:1 | Found Tiopnoiz's Changing Room.
 71586 | Depths:1 | Found a gateway to Hell.
 73018 | Depths:2 | Noticed Vv
 73184 | Depths:2 | Identified the +4 war axe of Valour {drain, rF- Int+6
                  | Dex+3}
 73555 | Depths:2 | Killed Vv
 74095 | Depths:2 | You are sucked into a shaft and drop 1 floor!
 74246 | Depths:2 | Found a one-way gate leading to the halls of Pandemonium.
 74541 | Depths:3 | Received a gift from Trog
 75096 | Depths:3 | Identified the +5 plate armour "Jauququt" {rF+ Regen+
                  | Int+2}
 75897 | Depths:4 | Entered Level 4 of the Depths
 76200 | Depths:4 | Noticed Boris
 76427 | Depths:4 | Killed Boris
 76786 | Depths:4 | Received a gift from Trog
 76844 | Depths:4 | Reached XP level 26. HP: 202/228 MP: 23/23
 77105 | Depths:4 | Upgraded the game from 0.30-a0-393-g54b8e3be05 to
                  | 0.30-a0-394-g3e4acdb0ae
 77377 | Depths:4 | Identified the +10 quarterstaff "Boewk" {elec, rC+ rN+}
 77446 | Depths:4 | Found a gate to the Realm of Zot.
 78040 | Vaults:5 | Entered Level 5 of the Vaults
 78302 | Vaults:5 | Received a gift from Trog
 78322 | Vaults:5 | Noticed an ancient lich
 78741 | Vaults:5 | Found the +8 mithril axe "Arga" {speed, Will+}
 78749 | Vaults:5 | Identified the +8 quarterstaff "Killer Klown's Peril"
                  | {spect, Fly rC++ rCorr Dex-5}
 79081 | Vaults:5 | Identified the +12 long sword of Mandamus {vorpal, Will+}
 79082 | Vaults:5 | Identified the ring "Kixkisow" {rPois Str+6 Int+2}
 79307 | Vaults:5 | Noticed an ancient lich
 79319 | Vaults:5 | Killed an ancient lich
 79354 | Vaults:5 | Killed an ancient lich
 80120 | Vaults:5 | Identified the +11 quarterstaff of Rivojeo {venom, rF-
                  | Will+ rCorr Dex+5}
 80428 | Vaults:5 | Noticed an ancient lich
 80443 | Vaults:5 | Killed an ancient lich
 81220 | Vaults:5 | Found Baigi's Distillery.
 81224 | Vaults:5 | Bought a potion of heal wounds for 95 gold pieces
 81224 | Vaults:5 | Bought a potion of resistance for 190 gold pieces
 81224 | Vaults:5 | Bought a potion of curing for 57 gold pieces
 81224 | Vaults:5 | Bought a potion of cancellation for 152 gold pieces
 81238 | Vaults:5 | Identified the +1 hat of Tenacity {Harm rElec Regen+ MP-9}
 81360 | Vaults:5 | Received a gift from Trog
 81380 | Vaults:5 | Reached XP level 27. HP: 220/231 MP: 23/23
 81535 | Vaults:5 | Identified the +0 ring mail of Classification {Int+3 Dex+5
                  | Stlth+}
 81549 | Vaults:5 | Reached skill level 27 in Dodging
 81766 | Vaults:5 | Got a silver rune of Zot
 81805 | Vaults:5 | Noticed an ancient lich
 81814 | Vaults:5 | Killed an ancient lich
 82319 | Depths:1 | Bought a potion of mutation for 136 gold pieces
 82605 | Shoals:4 | Bought a potion of mutation for 160 gold pieces
 82605 | Shoals:4 | Bought a potion of haste for 200 gold pieces
 82605 | Shoals:4 | Bought a potion of cancellation for 160 gold pieces
 82605 | Shoals:4 | Bought a potion of cancellation for 160 gold pieces
 82605 | Shoals:4 | Bought a potion of mutation for 160 gold pieces
 82611 | Shoals:4 | Bought a potion of mutation for 152 gold pieces
 82611 | Shoals:4 | Bought a potion of mutation for 152 gold pieces
 82611 | Shoals:4 | Bought a potion of heal wounds for 95 gold pieces
 82814 | Orc:2    | Bought a scroll of enchant armour for 82 gold pieces
 82814 | Orc:2    | Bought a scroll of magic mapping for 82 gold pieces
 82814 | Orc:2    | Bought a scroll of teleportation for 33 gold pieces
 82814 | Orc:2    | Bought a scroll of teleportation for 33 gold pieces
 82814 | Orc:2    | Bought a scroll of teleportation for 33 gold pieces
 82822 | Orc:2    | Bought a scroll of magic mapping for 97 gold pieces
 82822 | Orc:2    | Bought 2 scrolls of enchant weapon for 195 gold pieces
 83169 | Zot:1    | Entered Level 1 of the Realm of Zot
 84006 | Zot:1    | Reached skill level 1 in Stealth
 84149 | Zot:1    | Identified the +4 hand axe "Orb Guardian's Curse" {vorpal,
                  | rElec Dex+3}
 85134 | Zot:1    | HP: 81/363 [??? (91)]
 85228 | Zot:1    | Received a gift from Trog
 85495 | Zot:2    | Reached skill level 5 in Stealth
 86036 | Zot:3    | Noticed a dread lich
 86036 | Zot:3    | Noticed initializr's ghost (veteran GnSu)
 86036 | Zot:3    | Found a runed translucent gate.
 86036 | Zot:3    | Found a runed translucent gate.
 86036 | Zot:3    | Found a runed translucent gate.
 86036 | Zot:3    | Found an ancient bone altar of Kikubaaqudgha.
 86037 | Zot:3    | Noticed an ancient lich
 86037 | Zot:3    | Noticed a dread lich
 86037 | Zot:3    | Noticed a dread lich
 88455 | Zot:2    | Killed a dread lich
 88458 | Zot:2    | Killed initializr's ghost
 88506 | Zot:2    | Killed a dread lich
 88508 | Zot:2    | Killed a dread lich
 88560 | Zot:3    | Killed an ancient lich
 88570 | Zot:3    | Identified the +1 helmet of Death's Door {+Inv rElec rPois}
 88587 | Zot:3    | Identified the ring "Yfydulos" {AC+4 Str+3}
 89264 | Zot:3    | Received a gift from Trog
 90724 | Zot:5    | Entered Level 5 of the Realm of Zot
 90735 | Zot:5    | Found a runed translucent door.
 90736 | Zot:5    | Noticed surr's ghost (veteran MiVM)
 90826 | Zot:5    | Found a transporter.
 90828 | Zot:5    | Found a transporter.
 90830 | Zot:5    | Found a transporter.
 90830 | Zot:5    | Found a transporter.
 90979 | Zot:4    | Reached skill level 10 in Stealth
 91099 | Zot:5    | Noticed an ancient lich
 91107 | Zot:5    | Killed an ancient lich
 91167 | Zot:5    | Noticed an ancient lich
 91181 | Zot:4    | Killed an ancient lich
 91480 | Zot:5    | Noticed an orb of fire
 91491 | Zot:5    | Killed an orb of fire
 92251 | Zot:5    | Noticed an orb of fire
 92257 | Zot:5    | Gained mutation: You are weak. (Str -2) [an orb of fire]
 92269 | Zot:5    | Gained mutation: You are very weak. (Str -4) [an orb of
                  | fire]
 92278 | Zot:5    | Killed an orb of fire
 92864 | Zot:5    | Noticed an ancient lich
 92876 | Zot:5    | Killed an ancient lich
 93046 | Zot:5    | Noticed a dread lich
 93060 | Zot:5    | Killed a dread lich
 93724 | Zot:5    | Received a gift from Trog
 93741 | Zot:5    | Noticed an ancient lich
 93790 | Zot:5    | Killed an ancient lich
 93791 | Zot:5    | Reached skill level 27 in Fighting
 94459 | Zot:5    | HP: 52/249 [Orb Guardian (33)]
 94677 | Zot:5    | Noticed a dread lich
 94686 | Zot:5    | Killed a dread lich
 95049 | Zot:5    | Lost mutation: You are very weak. (Str -4) [potion of
                  | mutation]
 95049 | Zot:5    | Lost mutation: Armour fits poorly on your strangely shaped
                  | body. [potion of mutation]
 95049 | Zot:5    | Lost mutation: You are partially covered in iridescent
                  | scales. (AC +2) [potion of mutation]
 95049 | Zot:5    | Gained mutation: Your spells are a little easier to cast,
                  | but a little less powerful. [potion of mutation]
 95050 | Zot:5    | Got the Orb of Zot
 95394 | D:13     | Noticed Fuall the pandemonium lord
 95635 | D:$      | Escaped with the Orb!

Illustrated notes

Levels and vault maps discovered:
D:1:      lightli_arrival_noodles, layout_rooms, serial_park_tiny_2,
          minmay_tetromino_t4
D:2:      layout_loops_ring, shapermc_ecumenical_altar_hornbeckon,
          hangedman_decor_points, corexii_leaking_fountain, minivault_4
D:3:      layout_rooms, minmay_snake_closets
D:4:      layout_rooms, grunt_dithmenos_smoke, minmay_quantized
D:5:      kennysheep_kobold_camp, layout_rooms, kennysheep_generic_room_10,
          uniq_sigmund, uniq_crazy_yiuf_cottage
D:6:      layout_loops_ring, fedhas_altar_fruit_tree,
          mainiacjoe_overflow_tiny_flanked, minmay_temple_entry_hall,
          serial_shops, kennysheep_mini_moat, nicolae_square_shop,
          nicolae_shop_behind_doors, ebering_ghost_sewer_f, uniq_maggie,
          uniq_blork_the_orc
D:7:      layout_basic, serial_shops, nicolae_shop_advertising_works
          [nicolae_subvault_shop_adworks]
D:8:      layout_cave_pools, kb_lookout_dungeons_type, uniq_grum
D:9:      layout_irregular_city, erik_lair_orcish_takeover, orc_0_dummy,
          enter_bailey_3, nrook_loot_triangle
D:10:     layout_loops_ring, hangedman_decor_growths, lightli_elemental_guards
D:11:     layout_basic, serial_shops, shop, bh_hangedman_babel_library
D:12:     layout_grid_maze, uniq_rupert, uniq_jorgrun
D:13:     nzn_winding_woodlands_stair_cross
          [nzn_winding_woodlands_5x15_sidewinder,
          nzn_winding_woodlands_center_triple_pond,
          nzn_winding_woodlands_5x15_pockets, nzn_winding_woodlands_hourglass,
          nzn_winding_woodlands_5x5_perimeter,
          nzn_winding_woodlands_5x15_lazy_stream,
          nzn_winding_woodlands_center_diamonds,
          nzn_winding_woodlands_5x15_twine], layout_grid_maze, david_vaults_4,
          minmay_misc_feat_hallway, minivault_13, uniq_kirke, uniq_azrael
D:14:     layout_roguey, gammafunk_ghost_arena, chequers_serial_rivers_small_a,
          uniq_agnes, uniq_snorg
D:15:     grunt_enter_depths_giant_problem, layout_long_grid,
          serial_bayou_pond_c, serial_glass, glass_columns_a, glass_columns_a,
          glass_columns_a, glass_columns_c, glass_columns_a, glass_columns_a,
          glass_columns_a, glass_columns_c, portal_ice_cave_entry_pillars_four,
          chequers_serial_rivers_large_b, minivault_26,
          minmay_misc_feat_ornament, uniq_nessos
Lair:1:   lemuel_ratsnest, layout_regular_city, fungi_pond_lemuel
Lair:2:   gammafunk_boulding_lane, layout_cellular_growth, dummy_snake_entry,
          nicolae_volcano_entry_batcave, grunt_megastairs_1
Lair:3:   layout_concentric_octagons, minmay_shoals_entry_hut,
          grunt_megastairs_2, infiniplex_staircase_pool
Lair:4:   layout_small_grid, dpeg_slime_entry_corner
Lair:5:   grunt_lair_end_beastmaster, layout_concentric_octagons,
          serial_bayou_shore_b, lemuel_fruit_tree
Shoals:1: layout_shoals, argonaut_gorgonesque
Shoals:2: layout_shoals, uniq_polyphemus, uniq_frances, uniq_ilsuiw
Shoals:3: layout_shoals, gammafunk_ghost_arena, nicolae_shoals_lost_giant_baths,
          amcnicky_altar_lugonu_corruption, uniq_mlioglotl
Shoals:4: shoals_end_hangedman, layout_shoals, serial_shops,
          nicolae_shop_temple_entry_statues_fountains, nicolae_diamond_shop,
          shop, nicolae_shop_hallway_plus
Snake:1:  layout_chambers, ebering_ghost_disaster_area, grunt_megastairs_3
Snake:2:  layout_misc_corridors, basic_altar, nicolae_snake_gridmaze_squiggle,
          uniq_aizul
Snake:3:  layout_gridlike, nicolae_snake_snake_lake, hangedman_snake_pattern,
          st_stairs_5, nicolae_snake_omega, uniq_vashnia, uniq_mara
Snake:4:  minmay_snake_end_coiled, layout_cave_town, st_stairs_12, uniq_asterion
Orc:1:    layout_diamond_mine
Orc:2:    st_orc_elflike, layout_caves, minmay_orc_temple_c
Elf:1:    elf_arrival_002, layout_rooms, minmay_elf_sorcery
Elf:2:    nicolae_elf_blades_crystal_corner, layout_loops_corners, serial_shops,
          nicolae_shop_competitors_out_of_business, nicolae_shop_stone,
          drop_trap
Elf:3:    grunt_elf_hall_diamonds, layout_geoelf_octagon, uniq_bai_suzhen
Vaults:1: st_lines, grunt_vaults_bifocal, nicolae_vaults_network_star,
          vaults_room_semicircle, v_rooms_2, nicolae_vaults_shelves_hall,
          layout_vaults_chaotic_city, serial_shops, nicolae_lakefront_shop,
          uniq_saint_roka
Vaults:2: v_misc_14, nicolae_vaults_ring_of_whatevers, v_misc_28,
          nicolae_vaults_specimen_jars, v_alt_pattern_5, v_rooms_6,
          ontoclasm_vaults_misaligned, vaults_dpeg_encased_lava,
          vaults_mumra_bighexcomb, vaults_mumra_hex, v_misc_11,
          nicolae_vaults_network_barrier, hangedman_vaults_corner_blocks,
          grunt_vaults_hallway_short, layout_vaults_omnibox, dummy_crypt_entry,
          serial_hangedman_research, hangedman_research_pyrotechnics,
          hangedman_research_quantum, hangedman_research_metamorphosis
Vaults:3: nicolae_vaults_ninety_degrees, nicolae_vaults_yaktaur_gun_rack,
          v_alt_pattern_3, serial_ice_b, vaults_mumra_minichess_inversion,
          nicolae_vaults_mini_display_case, vaults_standard_mumra_x,
          ontoclasm_vaults_decontamination, layout_vaults_quadrants,
          serial_shops, bzr_entry_gold
Vaults:4: v_alt_pattern_6, nicolae_vaults_disjoint_gnomons,
          nicolae_vaults_circle_grid_b, ontoclasm_vaults_idyll,
          ontoclasm_vaults_ring_square, hangedman_vaults_stitches,
          ontoclasm_vaults_gallery, grunt_vaults_hallway_long,
          hangedman_vaults_slice, ontoclasm_vaults_chip,
          vaults_standard_mumra_enter_the_diamond, v_misc_15,
          nicolae_vaults_back_hallway, layout_vaults_maze, uniq_sojobo,
          uniq_zenata
Vaults:5: serial_shops
Crypt:1:  layout_chaotic_city, lemuel_upstairs_altar,
          grunt_crypt_arrival_guarded_gate, grunt_megastairs_4
Crypt:2:  layout_gridlike, basic_altar, grunt_megastairs_5
Crypt:3:  grunt_crypt_end_deaths_head, uniq_mennas
Depths:1: layout_basic, enter_ziggurat_a, pf_dread_powers_of_hell,
          nicolae_transmutations_shop, hex_intersection, kennysheep_four_rooms,
          serial_bayou_shore_b
Depths:2: minmay_glassy_protrusions, layout_gridlike, serial_corexii_hall,
          chequers_hall_statues_wall_a, corexii_hall_statues_i,
          rand_demon_pan_entry_1, pf_coc_iceberg, uniq_vv
Depths:3: minmay_chopped_fan, layout_long_grid, hangedman_abyss_or_decor_slice,
          hell_entry, abyss_entry_small_statue_room
Depths:4: grunt_zot_entry_tricorne, layout_cave_pools, pf_hell_entry_tar_spiral,
          rand_demon_pan_entry_3, st_stairs_13, uniq_boris, uniq_margery
Zot:1:    layout_basic
Zot:2:    layout_concentric_octagons
Zot:3:    layout_cathedral_of_symmetry, gammafunk_ghost_crypt,
          skrybe_zot_glass_2
Zot:4:    kennysheep_oblong_rooms, layout_concentric_octagons
Zot:5:    layout_twisted_circle, hellmonk_ghost_happy_afterlife,
          nicolae_diode_quadrants

Skill      XL: |  1  2  3  4  5  6  7  8  9 10 11 12 13 14 15 16 17 18 19 20 21 22 23 24 25 26 27 |
---------------+----------------------------------------------------------------------------------+-----
Fighting       | 4 5 6 9 11 12 13 15 16 17 18 19 20 21 23 24 27 | 27.0
Dodging        | 3 4 6 8 10 12 14 15 16 17 18 20 21 23 24 26 27 | 27.0
Armour         | 2 3 5 6 7 8 |  8.0
Polearms       | 1 3 4 |  4.0
Long Blades    | 4 8 10 12 14 15 16 18 19 20 21 22 | 22.0
Ranged Weapons | 2 6 8 9 10 11 12 13 14 15 16 18 | 18.0
Evocations     | 4 6 8 9 12 15 16 17 19 20 22 | 22.8
Stealth        | 13 | 13.8
Maces & Flails | |  2.4
Unarmed Combat | |  0.5

Action                   |  1- 3 |  4- 6 |  7- 9 | 10-12 | 13-15 | 16-18 | 19-21 | 22-24 | 25-27 || total
-------------------------+-------+-------+-------+-------+-------+-------+-------+-------+-------++-------
Melee: Spear             |    95 |       |       |       |       |       |       |       |       ||    95
       Mace              |     2 |       |       |       |       |       |       |       |       ||     2
       Tailslap          |     2 |       |       |     5 |       |       |       |       |       ||     7
       Punch             |     1 |       |       |     7 |    21 |    10 |       |     3 |     5 ||    47
       Halberd           |       |    98 |   252 |       |       |       |       |       |       ||   350
       Scimitar          |       |       |   103 |   715 |   411 |       |       |   129 |       ||  1358
       Quick blade       |       |       |       |     3 |    12 |       |       |       |       ||    15
       Double sword      |       |       |       |       |   419 |   458 |       |       |   237 ||  1114
       Triple sword      |       |       |       |       |       |    44 |    19 |    67 |   237 ||   367
       Great sword       |       |       |       |       |       |   275 |   383 |  1087 |   663 ||  2408
       Eudemon blade     |       |       |       |       |       |       |       |    76 |       ||    76
 Fire: Sling             |       |       |       |     6 |       |       |       |       |       ||     6
       Shortbow          |       |       |       |    42 |   123 |       |       |       |       ||   165
       Arbalest          |       |       |       |       |   236 |   830 |   712 |   512 |   946 ||  3236
Throw: Dart              |     3 |       |     6 |     5 |     8 |     4 |       |     2 |       ||    28
       Throwing net      |       |       |       |       |       |     2 |       |     3 |       ||     5
Invok: Berserk           |       |     2 |     9 |     9 |     7 |    13 |     4 |     5 |     6 ||    55
       Trog's Hand       |       |       |     1 |     2 |     5 |     3 |     4 |     4 |     4 ||    23
       Brothers in Arms  |       |       |       |     1 |       |     1 |     1 |     3 |     1 ||     7
Evoke: Wand              |       |       |       |     8 |     2 |     2 |     2 |     2 |     1 ||    17
       Tin of tremorston |       |       |       |       |     3 |     3 |     7 |    12 |    13 ||    38
       Box of beasts     |       |       |       |       |       |     3 |     1 |     3 |       ||     7
       Condenser vane    |       |       |       |       |       |     2 |     5 |     6 |     7 ||    20
       Lightning rod     |       |       |       |       |       |       |       |     9 |     3 ||    12
  Use: Scroll            |       |       |    16 |     8 |     6 |     9 |     4 |    13 |    20 ||    76
       Potion            |       |       |     1 |     2 |       |     3 |     3 |    12 |     9 ||    30
 Stab: Confused          |       |       |       |     1 |     1 |       |       |       |       ||     2
       Distracted        |       |       |       |       |     1 |       |       |    19 |    27 ||    47
       Petrifying        |       |       |       |       |     1 |       |       |       |       ||     1
       Sleeping          |       |       |       |       |       |       |       |       |     1 ||     1
Armor: Animal skin       |    12 |     1 |       |       |       |       |       |       |       ||    13
       Ring mail         |       |    27 |    14 |   282 |   142 |   224 |    95 |   219 |    77 ||  1080
       Scale mail        |       |    28 |   158 |       |       |       |       |       |       ||   186
       Swamp dragon scal |       |       |     8 |    82 |   150 |       |       |       |       ||   240
       Ice dragon scales |       |       |       |       |       |    51 |       |       |    92 ||   143
       Chain mail        |       |       |       |       |       |       |       |     9 |       ||     9
Dodge: Dodged            |    49 |    83 |   219 |   713 |   775 |  1029 |   741 |  1842 |  1412 ||  6863
Block: Other             |       |       |       |       |       |    29 |   138 |   330 |   202 ||   699
       Reflection        |       |       |       |       |       |     1 |    14 |    20 |    12 ||    47

Table legend: (Time is in decaauts)
 A = Elapsed time spent in this place.
 B = Non-inter-level travel time spent in this place.
 C = Inter-level travel time spent in this place.
 D = Time resting spent in this place.
 E = Time spent auto-exploring this place.
 F = Levels seen in this place.
 G = Mean time per level.
                   A        B        C        D        E       F      G
               +--------+--------+--------+--------+--------+-----+--------+
         Total |  94467 |  84419 |  10048 |  26434 |  37796 |  56 | 1686.9 |
       Dungeon |  20158 |  16780 |   3378 |   2784 |   9807 |  15 | 1343.9 |
          Lair |   8181 |   7289 |    892 |   1590 |   3976 |   5 | 1636.2 |
        Shoals |   4862 |   4595 |    267 |   1387 |   1948 |   4 | 1215.5 |
     Snake Pit |   9598 |   8738 |    860 |   3240 |   3269 |   4 | 2399.5 |
  Orcish Mines |   3691 |   3093 |    598 |   1352 |   1124 |   2 | 1845.5 |
   Elven Halls |   5111 |   4817 |    294 |   1954 |   1663 |   3 | 1703.7 |
        Vaults |  13872 |  12528 |   1344 |   4080 |   5721 |   5 | 2774.4 |
         Crypt |   6395 |   5907 |    488 |   2077 |   2193 |   3 | 2131.7 |
        Depths |   8416 |   7449 |    967 |   2443 |   3744 |   4 | 2104.0 |
           Zot |  10833 |   9875 |    958 |   4247 |   3782 |   5 | 2166.6 |
         Abyss |    749 |    749 |      0 |    163 |    187 |   2 |  374.5 |
        Bazaar |    122 |    122 |      0 |      0 |     85 |   1 |  122.0 |
        Bailey |    361 |    361 |      0 |     17 |     86 |   1 |  361.0 |
      Ice Cave |   1436 |   1436 |      0 |    718 |    196 |   1 | 1436.0 |
       Volcano |    673 |    673 |      0 |    375 |     12 |   1 |  673.0 |
               +--------+--------+--------+--------+--------+-----+--------+

Top non-repeatable levels by time:
   Zot:5: 3813 daAuts
Vaults:5: 3793 daAuts
    D:13: 3467 daAuts
 Snake:4: 3129 daAuts
Vaults:3: 2848 daAuts
Vaults:1: 2685 daAuts
 Crypt:3: 2676 daAuts
 Snake:3: 2647 daAuts
   Orc:2: 2625 daAuts
Vaults:2: 2430 daAuts
Depths:1: 2325 daAuts
   Zot:4: 2254 daAuts
 Snake:1: 2174 daAuts
   Elf:3: 2168 daAuts
Vaults:4: 2114 daAuts
